Map: Turbo Cruise '84 LE

Players

Mez - Winner!

  • Race: Terran Terran
  • League: Master
  • Spawn Location: 3:00

WeirdNierda

  • Race: Zerg Zerg
  • League: Master
  • Spawn Location: 7:00

VOD

Have the link to the VOD?

Description

Time

  • Played on: Aug. 17, 2019, 10:52 a.m.
  • Length: 9:11
Show
View Real Time Build Order
Export as new Build Order

Mez Terran - Winner!

Build Orders:  

Get SALT Encoding   

  12  0:01  SCV  
  13  0:13  SCV  
  14  0:18  Supply Depot  
  14  0:25  SCV  
  15  0:41  Barracks  
  15  0:45  SCV  
  16  0:57  Barracks  
  16  1:10  Barracks  
  16  1:28  Marine, Orbital Command  
  17  1:45  Marine  
  17  1:46  Marine  
  19  1:49  Supply Depot  
  19  1:55  Bunker  
  19  1:57  Marine  
  20  2:05  Marine x2  
  22  2:14  Bunker  
  22  2:19  Marine  
  23  2:23  Marine  
  24  2:38  Marine x2  
  24  2:42  Marine  
  25  2:56  Marine x2  
  27  3:02  Marine  
  28  3:06  Supply Depot  
  28  3:09  SCV  
  28  3:11  Refinery x2  
  29  3:14  Marine x2  
  29  3:22  Marine  
  27  3:32  Marine x2  
  23  3:39  Marine  
  24  3:41  SCV  
  25  3:49  Marine  
  25  3:50  Marine  
  27  3:57  Marine  
  28  4:03  Bunker  
  28  4:07  Marine x2  
  30  4:15  Marine  
  27  4:25  SCV, Marine x2  
  27  4:27  Factory  
  30  4:43  Marine x2  
  32  4:47  Barracks Tech Lab  
  29  4:57  SCV  
  30  5:06  Marauder, Barracks Tech Lab  
  32  5:08  Barracks Tech Lab  
  32  5:11  Factory Reactor  
  32  5:12  Starport, Factory Tech Lab  
  32  5:24  SCV  
  34  5:31  Cyclone  
  36  5:43  Marauder x2  
  39  5:54  Supply Depot  
  39  6:16  SCV  
  40  6:22  Command Center  
  33  6:28  SCV  
  25  6:47  Marauder  
  25  6:48  Marauder x2  
  25  6:51  SCV  
  27  7:00  Banshee  
  30  7:09  Cloaking Field  
  30  7:16  Factory Tech Lab  
  30  7:19  SCV  
  31  7:24  Marauder x2  
  35  7:31  SCV  
  36  7:43  SCV, Banshee  
  40  7:44  Marauder  
  42  7:59  SCV  
  42  8:00  Orbital Command  
  43  8:07  Siege Tank  
  43  8:09  Marine x3  
  49  8:19  SCV  
  48  8:32  SCV  
  39  8:53  SCV x2  
  41  9:03  Factory Reactor  
Show
View Real Time Build Order
Export as new Build Order

WeirdNierda Zerg 

Build Orders: Hatch First 

Get SALT Encoding   

  12  0:02  Drone  
  13  0:12  Overlord  
  13  0:18  Drone  
  14  0:30  Drone x2  
  16  0:36  Drone  
  17  0:56  Hatchery  
  16  0:57  Drone  
  17  1:12  Drone, Extractor  
  17  1:15  Spawning Pool  
  16  1:18  Drone  
  16  1:25  Drone  
  18  1:29  Drone  
  19  1:39  Overlord  
  19  2:02  Queen  
  19  2:04  Zergling x4  
  23  2:08  Queen  
  23  2:12  Zergling x2  
  23  2:13  Zergling x2  
  27  2:18  Spine Crawler  
  25  2:34  Roach Warren  
  23  2:46  Spine Crawler  
  23  2:50  Zergling x2  
  22  2:55  Drone x2  
  22  3:05  Extractor  
  21  3:09  Spine Crawler  
  21  3:12  Zergling x6  
  18  3:43  Drone x2  
  20  3:57  Roach x2  
  24  4:10  Roach  
  24  4:11  Roach  
  24  4:12  Zergling x2  
  27  4:25  Drone x2  
  29  4:33  Ravager  
  29  4:35  Overlord  
  29  4:49  Ravager  
  30  4:55  Roach x2  
  30  4:57  Queen  
  36  5:17  Ravager  
  37  5:25  Overlord  
  37  5:40  Ravager  
  38  5:46  Zergling x2  
  38  5:47  Zergling x8  
  38  5:48  Ravager  
  44  5:59  Zergling x4  
  44  6:02  Overlord  
  41  6:39  Hatchery  
  30  7:00  Metabolic Boost  
  30  7:02  Drone  
  30  7:03  Drone x5  
  36  7:18  Zergling x2  
  37  7:34  Zergling x8  
  37  7:57  Zergling x2  
  37  7:58  Zergling x4  
  40  8:03  Zergling x2  
  41  8:08  Zergling x6  
  41  8:11  Zergling x2  
  45  8:15  Zergling x2  
  46  8:21  Zergling x2  
  46  8:25  Hatchery  
  43  8:36  Spore Crawler  
  39  8:43  Drone  
  39  8:44  Drone x7  
  45  8:51  Spore Crawler  
Tags
 
Add a new tag
Caveats
  • Supply blocks, unpowered buildings, or Contaminate may cause inaccurate times.
  • Supply counts are checked every 10 seconds.